 Dungeon Crawl Stone Soup version 0.29.0-4-gdea44cf6ec (webtiles) character file.

Game seed: 11255621477720873764

130 qw the Chopper (level 5, -3/30 HPs)
             Began as a Tengu Warper on Aug 28, 2022.
             Slain by Edmund
             ... wielding a +4 vorpal dire flail
              (5 damage)
             ... on level 3 of the Dungeon.
             The game lasted 00:00:17 (2153 turns).

qw the Chopper (Tengu Warper)                       Turns: 2153, Time: 00:00:18

Health: -3/30      AC:  8    Str: 13    XL:     5   Next: 14%
Magic:  9/9        EV:  9    Int: 14    God:
Gold:   142        SH:  8    Dex: 13    Spells: 8/8 levels left

rFire   + . .      SeeInvis .   Y - +0 hand axe
rCold   + . .      Faith    .   c - +0 kite shield
rNeg    . . .      Spirit   .   k - +0 scale mail
rPois   +          Reflect  .   (helmet restricted)
rElec   .          Harm     .   h - scarf {rC+ rF+}
rCorr   .          Rampage  .   f - +1 pair of gloves
Will    .....                   (boots unavailable)
Stlth   ..........              (no amulet)
HPRegen 0.10/turn               i - ring of poison resistance
MPRegen 0.11/turn               (no ring)

@: flying quickly and evasively, slowed, very slow
A: beak, talons 3, nimble flight
a: no special abilities


You were on level 3 of the Dungeon.
You visited 1 branch of the dungeon, and saw 4 of its levels.

You collected 142 gold pieces.


Innate Abilities, Weirdness & Mutations

You have a beak for a mouth.
You have claws for feet.
Your magical nature lets you fly swiftly and evasively.


   Skills:
 - Level 2.0 Fighting
 - Level 4.7 Axes
 - Level 1.0 Throwing
 - Level 1.1 Armour
 - Level 2.1 Dodging
 + Level 2.5 Shields
 - Level 2.0 Spellcasting
 - Level 2.4 Translocations


You had 8 spell levels left.
You didn't know any spells.
Your spell library contained the following spells:

 Spells                   Type           Power      Damage    Failure   Level
 Blink                    Tloc           16%        N/A       91%         2
 Gell's Gravitas          Tloc           8%         N/A       99%         3
 Lesser Beckoning         Tloc           8%         N/A       99%         3
 Teleport Other           Tloc           8%         N/A       99%         3
 Manifold Assault         Tloc           8%         N/A       100%        5

Inventory:

Hand Weapons
 j - a +0 flail
 Y - a +0 hand axe (weapon)
Armour
 c - a +0 kite shield (worn)
 f - a +1 pair of gloves (worn)
 h - a scarf of resistance (worn)
 k - a +0 scale mail (worn)
Jewellery
 i - a ring of poison resistance (left hand)
Scrolls
 a - a scroll of identify
Potions
 b - a potion of degeneration {unknown}
 e - a potion of curing
 g - a potion of resistance {unknown}
 l - a potion of brilliance {unknown}
 o - a potion of flight {unknown}

Dungeon Overview and Level Annotations

Branches:
Dungeon (4/15)
 Temple: D:4-7

Altars:
Ashenzari
Cheibriados
Vehumet

Annotations:
D:3 1 runed translucent door, Edmund; qw's ghost, amateur TeWr


Message History

You feel yourself slow down.
You hit Edmund but do no damage.
Edmund is lightly wounded.
You hit Natasha. You block Edmund's attack. Natasha claws you.
Edmund hits you with a +4 vorpal dire flail!
Natasha claws you but does no damage.
You slash Natasha! Your kick misses Natasha. You peck Natasha.
Natasha is almost dead.
You closely miss Edmund. Edmund hits you but does no damage.
Natasha mumbles some strange words.
2149 ||| STAIRDANCE Edmund hits you but does no damage.
You block Natasha's attack.
Edmund hits you with a +4 vorpal dire flail!
You block Natasha's attack.
You climb upwards.
The iron imp disappears in a puff of smoke!
Level annotation: 1 runed translucent door, qw's ghost, amateur TeWr
There is a stone staircase leading down here.
You closely miss Natasha. Your kick misses Natasha.
Natasha is almost dead.
You closely miss Edmund.
Natasha extends her claws.
Natasha stares at you and mumbles some strange words.
You resist with some effort. Edmund hits you but does no damage.
You block Natasha's attack. Edmund completely misses you.
You hit Natasha.
You kill Natasha!
Moaning pathetically, Natasha's spirit plunges into the ground.
You barely miss Edmund. Edmund misses you. You block Edmund's attack.
Your Shields skill increases to level 2!
You have reached level 5!
Your magical nature develops, letting you fly swiftly and evasively.
You hit Edmund. Your peck misses Edmund.
Edmund is moderately wounded.
You block Edmund's attack.
Edmund hits you with a +4 vorpal dire flail.
You die...

#.# #.## #....#####
####.# #<.#
####.[...## ##....#
##.# #####..#
##..<..## #.# ##%##
#.......# #.# #..#
#......(# #.# ##.###
#.......# #.## #....
##.....#####..# #####
##[.........%@## #
#.......####@..#######
# #....)..#
#........[####
#.......#
###.#####....#
##.....## #.# ####.###
##...## #(## #...####
##### #..# ###.....
##.### ######
#...######


You could see Edmund.

Vanquished Creatures
  Natasha (D:3)
  4 adders
  A worm (D:2)
  2 dart slugs
  An orc (D:3)
  7 ball pythons
  5 endoplasms
  5 giant cockroaches
  2 goblins
  6 hobgoblins
  6 kobolds
  5 quokkas
  4 bats
  5 frilled lizards
  5 rats
59 creatures vanquished.

Vanquished Creatures (others)
  2 withered plants (D:3)
2 creatures vanquished.

Grand Total: 61 creatures vanquished

Notes
Turn   | Place    | Note
-------+----------+-------------------------------------------
     0 | D:1      | qw the Tengu Warper began the quest for the Orb.
     0 | D:1      | Reached XP level 1. HP: 12/12 MP: 4/4
     0 | D:1      | 0 ||| qw: Version: 0.1-a-89-g26bdef1
     0 | D:1      | 0 ||| qw: Game counter: 1744
     0 | D:1      | 0 ||| qw: Always use a shield: true
     0 | D:1      | 0 ||| qw: God list: Okawaru
     0 | D:1      | 0 ||| qw: Allow faded altars: false
     0 | D:1      | 0 ||| qw: Do Orc after D:15 true
     0 | D:1      | 0 ||| qw: Do second Lair branch before Depths: true
     0 | D:1      | 0 ||| qw: Lair rune preference: random
     0 | D:1      | 0 ||| qw: Plans: Normal
     0 | D:1      | 0 ||| PLANNING D:1-11
   134 | D:1      | Reached skill level 3 in Axes
   134 | D:1      | Reached XP level 2. HP: 17/17 MP: 6/6
   322 | D:1      | Found a faded altar of an unknown god.
   478 | D:1      | 478 ||| UPGRADING to +1 pair of gloves.
   483 | D:1      | 483 ||| UPGRADING to +0 ring mail.
   493 | D:1      | 493 ||| DROPPING +0 leather armour.
   494 | D:1      | 494 ||| UPGRADING to +0 scale mail.
   504 | D:1      | 504 ||| DROPPING +0 ring mail.
   505 | D:1      | 505 ||| UPGRADING to ring of poison resistance.
   506 | D:1      | 506 ||| READING 2 scrolls labelled UDWINE ZEESCHOU.
   507 | D:1      | 507 ||| DROPPING scroll of blinking.
   585 | D:2      | 585 ||| Stepping ~*~*~tactically~*~*~ (stealth).
   594 | D:2      | Reached XP level 3. HP: 19/21 MP: 7/7
   596 | D:2      | Reached skill level 4 in Axes
   673 | D:2      | 673 ||| Stepping ~*~*~tactically~*~*~ (stealth).
   675 | D:2      | 675 ||| Stepping ~*~*~tactically~*~*~ (stealth).
   677 | D:2      | 677 ||| Stepping ~*~*~tactically~*~*~ (stealth).
   678 | D:2      | 678 ||| Stepping ~*~*~tactically~*~*~ (stealth).
   679 | D:2      | 679 ||| Stepping ~*~*~tactically~*~*~ (stealth).
   906 | D:2      | Reached XP level 4. HP: 24/26 MP: 8/8
   928 | D:2      | 928 ||| DROPPING +0 club.
   938 | D:2      | 938 ||| DROPPING +0 mace.
  1485 | D:2      | 1485 ||| UPGRADING to +0 kite shield.
  1490 | D:2      | 1490 ||| UPGRADING to scarf of resistance.
  1495 | D:2      | 1495 ||| DROPPING amulet of magic regeneration.
  1496 | D:2      | 1496 ||| READING scroll labelled GUAX FUTZUOCO.
  1497 | D:2      | 1497 ||| READING scroll labelled JUMOUL YSTYMUDIKH.
  1498 | D:2      | 1498 ||| READING scroll labelled CIPPAG VA QYN.
  1499 | D:2      | 1499 ||| READING 2 scrolls of identify.
  1499 | D:2      | 1499 ||| IDENTIFYING white potion
  1534 | D:3      | 1534 ||| DROPPING +1 mace of draining.
  1559 | D:3      | Reached skill level 1 in Shields
  1613 | D:3      | 1613 ||| Stepping ~*~*~tactically~*~*~ (stealth).
  1628 | D:3      | 1628 ||| Stepping ~*~*~tactically~*~*~ (stealth).
  1632 | D:3      | Found a snail-covered altar of Cheibriados.
  1649 | D:3      | Found a runed translucent door.
  1651 | D:3      | Noticed qw's ghost (amateur TeWr)
  1686 | D:3      | Found a radiant altar of Vehumet.
  1687 | D:3      | 1687 ||| Stepping ~*~*~tactically~*~*~ (hiding).
  1688 | D:3      | 1688 ||| Stepping ~*~*~tactically~*~*~ (hiding).
  1691 | D:3      | 1691 ||| Stepping ~*~*~tactically~*~*~ (stealth).
  1696 | D:3      | 1696 ||| Stepping ~*~*~tactically~*~*~ (stealth).
  1777 | D:3      | Found a broken altar of Ashenzari.
  1796 | D:3      | 1796 ||| Stepping ~*~*~tactically~*~*~ (hiding).
  1920 | D:3      | 1920 ||| Stepping ~*~*~tactically~*~*~ (stealth).
  2115 | D:3      | 2115 ||| READING 2 scrolls labelled YRATHE BIZEL.
  2116 | D:3      | 2116 ||| READING scroll labelled TOTHYT VEYQ.
  2117 | D:3      | 2117 ||| DROPPING scroll of poison.
  2145 | D:4      | Noticed Natasha
  2145 | D:4      | Noticed Edmund
  2149 | D:4      | 2149 ||| STAIRDANCE
  2149 | D:4      | HP: 4/26 [Edmund/+4 vorpal dire flail (9)]
  2149 | D:4      | HP: 1/26 [Edmund/+4 vorpal dire flail (3)]
  2152 | D:3      | Killed Natasha
  2153 | D:3      | Gained mutation: Your magical nature lets you fly swiftly
                  | and evasively. [Tengu growth]
  2153 | D:3      | Reached XP level 5. HP: 2/30 MP: 9/9
  2153 | D:3      | Slain by Edmund

Levels and vault maps discovered:
D:1:      dpeg_arrival_solitude, layout_rooms,
          shapermc_ecumenical_altar_starsandcircs
D:2:      layout_basic
D:3:      layout_rooms, kennysheep_slug_shrine, mainiacjoe_overflow_alcove_4,
          vehumet_altar_wand_db, gammafunk_ghost_grave
D:4:      layout_loops_ring, amcnicky_altar_gilded, bh_walls_and_bars,
          uniq_grinder, uniq_natasha, uniq_edmund, uniq_duvessa

Skill      XL: |  1  2  3  4 |
---------------+-------------+-----
Axes           | 3 4 |  4.7
Shields        | 2 |  2.5
Fighting       | |  2.0
Throwing       | |  1.0
Armour         | |  1.1
Dodging        | |  2.1
Spellcasting   | |  2.0
Translocations | |  2.4

Action                   |  1- 3 |  4- 6 || total
-------------------------+-------+-------++-------
Melee: Hand axe          |    90 |    58 ||   148
       Kick              |    18 |    11 ||    29
       Peck              |    11 |     6 ||    17
Throw: Boomerang         |     7 |       ||     7
  Use: Scroll            |     1 |     6 ||     7
 Stab: Distracted        |     1 |       ||     1
Armor: Leather armour    |    10 |       ||    10
       Scale mail        |    24 |    21 ||    45
Dodge: Dodged            |    41 |    20 ||    61
Block: Kite shield       |       |    20 ||    20

Table legend:
 A = Non-vault XP
 B = Vault XP
 C = Vault XP percentage of total XP
 D = Non-vault monster count
 E = Vault monster count
 F = Vault count percentage of total count
                 A         B        C        D         E       F
            +---------+---------+-------+---------+---------+-------
      Total |     145 |      42 |  22.5 |      56 |       3 |   5.1
            +---------+---------+-------+---------+---------+-------
        D:1 |      28 |       0 |   0.0 |      19 |       0 |   0.0
        D:2 |      64 |       0 |   0.0 |      20 |       0 |   0.0
        D:3 |      53 |      42 |  44.2 |      17 |       3 |  15.0
            +---------+---------+-------+---------+---------+-------
